Get step-by-step instructions on how to execute this build order below. Start the game timer, and the build order will tick by so you can play in parallel with StarCraft on a second screen or mobile device.

Game Time

  0:00

Last Step

  N/A

Next Step

Upcoming Step



Don't want to look back and forth between 2 screens? Try out our Overwolf App, the Spawning Tool Build Advisor to get an in-game overlay with this build!

Complete Build Order

  12  0:15  Probe  
  13  0:21  Pylon  
  13  0:23  Probe  
  14  0:32  Probe  
  15  0:44  Probe, Gateway  
  16  0:54  Probe  
  16  0:56  Pylon  
  17  1:02  Probe  
  17  1:11  Probe  
  19  1:22  Assimilator  
  19  1:25  Assimilator  
  19  1:34  Cybernetics Core  
  19  1:35  Probe  
  20  1:47  Probe  
  21  1:55  Forge  
  21  1:58  Probe  
  22  2:06  Probe  
  22  2:09  Pylon  
  22  2:13  Warp Gate  
  22  2:14  Probe  
  24  2:25  Probe  
  25  2:38  Probe  
  25  2:39  Robotics Facility  
  26  2:50  Probe  
  27  2:56  Protoss Shields Level 1  
  27  3:01  Pylon  
  27  3:03  Adept  
  29  3:31  Pylon  
  29  3:36  Immortal  
  29  3:38  Pylon  
  33  4:11  Probe  
  33  4:12  Nexus  
  34  4:22  Gateway  
  34  4:24  Immortal, Gateway  
  38  4:32  Probe  
  39  4:39  Robotics Bay  
  39  4:40  Probe  
  40  4:50  Probe  
  41  5:02  Probe  
  41  5:03  Immortal  
  46  5:10  Probe  
  47  5:18  Probe, Pylon  
  47  5:28  Probe  
  49  5:39  Robotics Facility  
  49  5:47  Assimilator  
  49  5:50  Assimilator  
  49  5:52  Disruptor  
  52  6:00  Adept  
  52  6:01  Adept  
  52  6:02  Adept  
  58  6:04  Probe  
  59  6:12  Probe  
  60  6:19  Disruptor  
  60  6:22  Probe  
  61  6:27  Disruptor  
  67  6:34  Probe  
  68  6:46  Probe  
  69  6:51  Adept  
  69  6:54  Adept x2  
  73  6:59  Disruptor  
  78  7:03  Disruptor  
  78  7:04  Probe  
  82  7:12  Probe  
  82  7:17  Protoss Ground Armor Level 1  
  82  7:22  Probe  
  84  7:34  Probe  
  85  7:43  Pylon  
  85  7:45  Pylon  
  85  7:46  Probe  
  86  7:57  Nexus  
  86  8:04  Probe  
  86  8:06  Assimilator  
  86  8:08  Assimilator  
  86  8:12  Probe  
  88  8:21  Probe  
  89  8:32  Pylon  
  89  8:34  Probe, Pylon  
  90  8:36  Pylon  
  90  8:46  Probe  
  90  8:47  Twilight Council  
  91  9:11  Protoss Ground Weapons Level 1  
  91  9:13  Probe  
  91  9:15  Stargate  
  92  9:17  Stargate x2  
  92  9:21  Probe  
  92  9:31  Probe  
  93  9:33  Immortal x2  
  94  9:43  Probe  
  103  9:55  Probe  
  104  10:07  Probe  
  104  10:11  Colossus  
  104  10:12  Colossus  
  117  10:17  Probe  
  118  10:25  Probe  
  118  10:26  Nexus  
  118  10:31  Stalker  
  118  10:32  Stalker  
  118  10:33  Probe, Stalker  
  125  10:45  Probe  
  102  10:57  Probe  
  103  11:09  Phoenix  
  103  11:10  Phoenix  
  103  11:11  Phoenix  
  109  11:20  Stalker x2  
  109  11:21  Stalker  
  109  11:24  Protoss Shields Level 2  
  115  11:32  Blink  
  115  11:40  Protoss Air Armor Level 1  
  115  11:41  Nexus  
  115  11:46  Extended Thermal Lance  
  115  12:03  Assimilator  
  115  12:07  Assimilator  
  115  12:14  Pylon  
  115  12:18  Pylon  
  115  12:38  Fleet Beacon  
  115  12:42  Dark Shrine  
  115  12:43  Templar Archives  
  115  12:51  Probe  
  115  12:55  Probe  
  116  12:59  Probe  
  116  13:03  Probe  
  118  13:10  Probe  
  120  13:13  Probe  
  120  13:19  Stalker x2  
  125  13:20  Stalker  
  125  13:22  Probe  
  125  13:25  Probe, Psionic Storm  
  125  13:26  Gravitic Drive  
  129  13:33  Resonating Glaives  
  129  13:34  Probe, Protoss Air Weapons Level 1  
  129  13:37  Carrier x3, Probe  
  129  13:40  Protoss Ground Armor Level 2  
  149  13:49  Probe  
  149  13:50  Mothership  
  150  14:01  Probe  
  150  14:14  Probe  
  151  14:26  Probe  
  152  14:33  Dark Templar  
  152  14:34  Dark Templar  
  156  15:12  Pylon  
  156  15:13  Pylon  
  156  15:15  Pylon  
  156  15:20  Probe  
  155  15:22  Carrier  
  133  15:32  Probe  
  105  15:44  Probe  
  106  15:50  Adept x2  
  106  15:51  Adept  
  106  15:56  Protoss Ground Weapons Level 2, Probe  
  113  15:58  Carrier  
  113  15:59  Carrier  
  123  16:07  Graviton Catapult  
  123  16:08  Probe  
  124  16:26  Pylon  
  124  16:41  Probe  
  125  16:48  Carrier  
  132  17:05  Pylon  
  132  17:07  Pylon  
  132  17:09  Pylon  
  132  17:11  Pylon  
  132  17:12  Probe  
  132  17:21  Gravitic Boosters  
  132  17:24  Carrier x2, Protoss Air Armor Level 2  
  132  17:27  Colossus x2  
  153  18:02  Protoss Shields Level 3  
  152  18:13  Carrier  
  158  18:21  Colossus  
  164  19:03  Pylon  
  164  19:04  Pylon  
  164  19:08  Pylon, Nexus  
  164  19:09  Pylon  
  164  19:11  Pylon  
  164  19:13  Pylon  
  164  19:18  Nexus  
  164  19:20  Carrier  
  164  19:22  Carrier  
  176  19:40  Protoss Air Weapons Level 2  
  176  19:42  Assimilator  
  176  19:47  Assimilator  
  176  20:15  Assimilator  
  176  20:19  Carrier  
  182  20:25  Immortal x2  
  190  20:39  Protoss Ground Armor Level 3  
  184  20:46  Carrier  
  184  20:47  Carrier  
  154  21:04  Immortal  
  154  21:05  Immortal  
  162  21:29  Stalker  
  162  21:30  Stalker x2  
  168  21:38  Probe  
  169  21:45  Tempest  
  175  21:50  Probe  
  176  21:57  Mothership  
  176  21:59  Probe  
  176  22:07  Probe  
  185  22:12  Tempest  
  185  22:13  Tempest  
  198  22:17  Probe  
  199  22:29  Probe  
  194  22:41  Probe  
  195  22:49  Stalker  
  195  22:50  Stalker  
  199  24:30  Probe